 Dungeon Crawl Stone Soup version 0.24.1-8-ga250c9d538 (webtiles) character file.

Game seed: 17845886733529444607, levelgen mode: deterministic

74 Kobolds4U the Magician (level 4, -1/24 HPs)
             Began as a Deep Elf Wizard on May 9, 2020.
             Slain by an orc
             ... wielding a +0 hand axe
              (6 damage)
             ... on level 2 of the Dungeon.
             The game lasted 00:11:43 (2427 turns).

Kobolds4U the Magician (Deep Elf Wizard)            Turns: 2427, Time: 00:11:43

Health: -1/24      AC:  5    Str:  5    XL:     4   Next: 9%
Magic:  4/13       EV: 13    Int: 23    God:
Gold:   149        SH:  0    Dex: 13    Spells: 3/13 levels left

rFire    . . .     SeeInvis .   c - +0 dagger
rCold    . . .     Gourm    .   (no shield)
rNeg     . . .     Faith    .   a - +0 robe
rPois    .         Spirit   .   x - +0 helmet
rElec    .         Reflect  .   h - +0 cloak
rCorr    .         Harm     .   q - +0 pair of gloves
MR       .....     Rnd*Tele +   (no boots)
Stlth    ++........             (no amulet)
HPRegen  0.08/turn              r - ring of teleportation (curse)
MPRegen  0.13/turn              (no ring)

@: no status effects
A: no striking features
a: no special abilities


You were on level 2 of the Dungeon.
You were hungry.

You visited 1 branch of the dungeon, and saw 3 of its levels.

You collected 149 gold pieces.

Inventory:

Hand Weapons
 c - a +0 dagger (weapon)
 p - a +0 short sword
 t - a +0 falchion
Armour
 a - a +0 robe (worn)
 b - a +0 hat
 h - a +0 cloak (worn)
 q - a +0 pair of gloves (worn)
 x - a +0 helmet (worn)
Jewellery
 r - a cursed ring of teleportation (left hand)
 w - an uncursed ring of fire
Scrolls
 e - 3 scrolls of identify {unknown}
 k - a scroll of fog {unknown}
 m - a scroll of immolation {unknown}
 n - 2 scrolls of enchant armour {unknown}
 o - 3 scrolls of remove curse {unknown}
 v - a scroll of magic mapping {unknown}
 y - a scroll of fear {unknown}
Potions
 f - a potion of flight {unknown}
 g - 2 potions of heal wounds {unknown}
 i - 2 potions of lignification {unknown}
 j - a potion of mutation {unknown}
 l - a potion of haste {unknown}
 s - a potion of magic {unknown}
 u - 2 potions of agility {unknown}
Comestibles
 d - 8 rations


   Skills:
 - Level 2.4 Dodging
 - Level 2.4 Stealth
 + Level 5.3 Spellcasting
 * Level 3.6 Conjurations
 - Level 1.1 Summonings
 - Level 1.1 Translocations


You had 3 spell levels left.
You knew the following spells:

 Your Spells              Type           Power        Failure   Level  Hunger
a - Magic Dart            Conj           ###.         1%          1    None
b - Blink                 Tloc           N/A          9%          2    None
c - Slow                  Hex            #.......     14%         2    None
d - Conjure Flame         Conj/Fire      ##......     13%         3    ##.....
e - Call Imp              Summ           ##......     9%          2    None

Your spell library contained the following spells:

 Spells                   Type           Power        Failure   Level  Hunger
 Mephitic Cloud           Conj/Pois/Air  ##......     17%         3    ##.....


Dungeon Overview and Level Annotations

Branches:
Dungeon (3/15)

Altars:


Message History

The orc misses you.
The orc hits your crimson imp with a +0 hand axe.
Your crimson imp blinks!
Casting: Magic Dart (safe; 1% risk of failure)
Confirm with . or Enter, or press ? or * to list all spells.
Aiming: Magic Dart (safe; 1% risk of failure)
Press: ? - help, Shift-Dir - straight line, f/p - orc
Aim: an orc, wielding a +0 hand axe and wearing a +0 chain mail (almost dead)
The magic dart hits the orc but does no damage.
The orc is almost dead.
The orc barely misses you.
Casting: Magic Dart (safe; 1% risk of failure)
Confirm with . or Enter, or press ? or * to list all spells.
Aiming: Magic Dart (safe; 1% risk of failure)
Press: ? - help, Shift-Dir - straight line, f/p - orc
Aim: an orc, wielding a +0 hand axe and wearing a +0 chain mail (almost dead)
The magic dart hits the orc but does no damage.
The orc is almost dead.
The orc hits you with a +0 hand axe.
You die...

############### .....##.......#
##### ####.#........# #...#
#..........# #...# #########
##......#### #...####.......#
##......# #...#....##.#####
#....o..# ###...#.##.##......
####...o...####<@........##.###.#
........#####.5.o........#..(....
........#######.##.#.....#..##.##
...........o....##.##...รท........
.................................
.....................##.#.##.#.##
......#.......######.##.#....#.##
...####........##....#....####.##
...####........##.##.#...## #.##


You could see an orc and a friendly crimson imp.

Vanquished Creatures
  2 adders
  3 dart slugs (D:1)
  A leopard gecko (D:1)
  2 orcs
  A giant cockroach (D:1)
  6 goblins
  5 hobgoblins
  7 jackals
  A ball python (D:2)
  5 bats
  A frilled lizard (D:1)
  7 kobolds
  3 rats
44 creatures vanquished.

Notes
Turn   | Place    | Note
-------+----------+-------------------------------------------
     0 | D:1      | Kobolds4U the Deep Elf Wizard began the quest for the Orb.
     0 | D:1      | Reached XP level 1. HP: 10/10 MP: 7/7
   172 | D:1      | Reached XP level 2. HP: 13/15 MP: 5/9
   179 | D:1      | Learned a level 2 spell: Blink
   182 | D:1      | Learned a level 2 spell: Slow
   666 | D:1      | Reached XP level 3. HP: 14/19 MP: 0/11
  1248 | D:2      | Reached skill level 5 in Spellcasting
  1297 | D:2      | Learned a level 3 spell: Conjure Flame
  2048 | D:3      | Reached XP level 4. HP: 24/24 MP: 2/13
  2052 | D:3      | Learned a level 2 spell: Call Imp
  2427 | D:2      | Slain by an orc

Levels and vault maps discovered:
D:1:      dpeg_arrival_rhombi, layout_basic, corexii_hall_statues_deadend
D:2:      layout_basic
D:3:      cheibrodos_pilgrimage, layout_rooms, first_ration

Skill      XL: |  1  2  3 |
---------------+----------+-----
Conjurations   | 2 3 |  3.6
Spellcasting   | 5 |  5.3
Dodging        | |  2.4
Stealth        | |  2.4
Summonings     | |  1.1
Translocations | |  1.1

Action                   |  1- 3 |  4- 6 || total
-------------------------+-------+-------++-------
Melee: Dagger            |    54 |     2 ||    56
 Cast: Magic Dart        |    83 |    13 ||    96
       Slow              |     4 |     1 ||     5
       Conjure Flame     |     2 |     1 ||     3
       Blink             |     2 |       ||     2
       Call Imp          |       |     1 ||     1
 Stab: Sleeping          |     2 |       ||     2
  Eat: Chunk             |     3 |     1 ||     4
Armor: Robe              |    31 |       ||    31
Dodge: Dodged            |    86 |     8 ||    94
